 Dungeon Crawl Stone Soup version 0.29.0-4-gdea44cf6ec (webtiles) character file.

Game seed: 5065896880715404786

1113 qw the Chopper (level 8, -1/48 HPs)
             Began as a Gargoyle Delver on Sept 10, 2022.
             Was an Initiate of Okawaru.
             Slain by a wight
             ... wielding a +0 spear
              (5 damage)
             ... on level 6 of the Dungeon.
             The game lasted 00:02:02 (5988 turns).

qw the Chopper (Gargoyle Delver)                    Turns: 5988, Time: 00:02:03

Health: -1/48      AC: 14    Str: 24    XL:     8   Next: 33%
Magic:  8/8        EV:  9    Int: 11    God:    Okawaru [......]
Gold:   410        SH: 11    Dex: 22    Spells: 7/7 levels left

rFire   . . .      SeeInvis .   Y - +0 war axe
rCold   . . .      Faith    .   i - +0 buckler
rNeg    + + .      Spirit   .   m - +0 chain mail
rPois   inf        Reflect  +   (no helmet)
rElec   +          Harm     .   (no cloak)
rCorr   .          Rampage  .   (no gloves)
Will    .....                   (no boots)
Stlth   ..........              l - amulet of reflection
HPRegen 0.16/turn               s - +6 ring of dexterity
MPRegen 0.11/turn               r - ring of Dimpuco {rN+ Str+6 Dex+5}

@: about to teleport
A: sickness immunity, AC +5, negative energy resistance 1, electricity
resistance, torment resistance 1, petrification resistance
a: Renounce Religion


You were on level 6 of the Dungeon.
You worshipped Okawaru.
Okawaru was noncommittal.
You visited 2 branches of the dungeon, and saw 7 of its levels.

You collected 410 gold pieces.


Innate Abilities, Weirdness & Mutations

You are immune to sickness and miasma.
Your stone body is resilient. (AC +5)
You are immune to poison.
You resist negative energy. (rN+)
You are resistant to electric shocks. (rElec)
You are resistant to unholy torment.
You are immune to petrification.


   Skills:
 + Level 4.1 Fighting
 - Level 7.0 Axes
 - Level 1.2 Throwing
 - Level 3.8 Armour
 - Level 2.4 Dodging
 - Level 5.4 Stealth
 - Level 3.0 Shields


You had 7 spell levels left.
You didn't know any spells.
Your spell library was empty.

Inventory:

Hand Weapons
 o - a +0 flail of protection
 Y - a +0 war axe (weapon)
Missiles
 d - a boomerang (quivered)
Armour
 c - the +0 ring mail of the Dolphin {Drain Str+8 Slay-3 SInv}
   (You found it on level 6 of the Dungeon)

   Str:       It affects your strength (+8).
   Slay:      It affects your accuracy & damage with ranged weapons and melee
   (-3).
   SInv:      It lets you see invisible.
   Drain:     It drains your maximum health when unequipped.
 i - a +0 buckler (worn)
 m - a +0 chain mail (worn)
Jewellery
 l - an amulet of reflection (around neck)
 r - the ring of Dimpuco (right hand) {rN+ Str+6 Dex+5}
   (You found it on level 3 of the Dungeon)

   [ring of strength]

   Str:       It affects your strength (+6).
   Dex:       It affects your dexterity (+5).
   rN:        It protects you from negative energy.
 s - a +6 ring of dexterity (left hand)
 t - a ring of fire
Wands
 g - a wand of digging (3)
Scrolls
 a - 4 scrolls of teleportation
 q - 2 scrolls of identify
Potions
 b - a potion of degeneration {unknown}
 e - 3 potions of heal wounds
 f - a potion of haste
 h - a potion of mutation
 k - a potion of resistance

Dungeon Overview and Level Annotations

Branches:
Dungeon (6/15)             Temple (1/1) D:5

Altars:
Ashenzari
Cheibriados
Dithmenos
Elyvilon
Fedhas
Gozag
Hepliaklqana
Kikubaaqudgha
Makhleb
Nemelex Xobeh
Okawaru
Qazlal
Ru
Sif Muna
Trog
Uskayaw
Vehumet
Wu Jian
Xom
Yredelemnul
Zin
The Shining One

Shops:
D:5 *


Message History

You block the wight's attack. The wight closely misses you.
You hit the wight.
The wight is moderately damaged.
The wight hits you but does no damage. The wight closely misses you.
You block the wight's attack. The wight barely misses you.
You closely miss the wight.
The wight is moderately damaged.
The wight hits you from afar with a +0 spear.
You block the wight's attack.
You barely miss the wight.
The wight is moderately damaged.
You block the wight's attack. The wight barely misses you.
You hit the wight.
The wight is moderately damaged.
You block the wight's attack. x2
You slash the wight!
You destroy the wight!
Okawaru accepts your kill. You block the wight's attack.
Your Axes skill increases to level 7!
You slash the orc!
You kill the orc!
Okawaru accepts your kill. You block the wight's attack.
You hit the wight but do no damage.
The wight hits you from afar with a +0 spear.
The wight hits you with a +3 flail of freezing!
The wight freezes you.
The wight hits you with a +3 flail of freezing.
The wight freezes you. The wight hits you but does no damage.
You hit the wight.
The wight is moderately damaged.
You block the wight's attack.
The wight hits you with a +3 flail of freezing!
The wight freezes you.
5988 ||| READING 5 scrolls of teleportation.
As you read the scroll of teleportation, it crumbles to dust.
You feel strangely unstable.
The wight hits you from afar with a +0 spear.
You die...

# .# .. .#
########z.#
#(
#.....@zz(#
#.#
#.#######.#
#.# #.# #.#.#
#.# #.#.# #.#
#.#.# #.#
..#.#######.#
..#.........#
#.#...#######


You could see 3 wights.

Vanquished Creatures
  A wraith (D:5)
  2 ice beasts (D:5)
  A centaur (D:5)
  2 necrophages (D:6)
  2 scorpions (D:5)
  A wight (D:6)
  2 hounds (D:5)
  2 orc priests
  A jelly (D:4)
  2 iguanas
  2 orc wizards
  7 adders
  An ufetubus (D:5)
  4 dart slugs
  15 orcs
  6 bats
  11 endoplasms
  5 giant cockroaches
  7 goblins
  10 hobgoblins
  6 jackals
  8 quokkas
  6 ball pythons
  4 frilled lizards
  11 kobolds
  4 rats
123 creatures vanquished.

Vanquished Creatures (others)
  3 plants (D:1)
3 creatures vanquished.

Grand Total: 126 creatures vanquished

Notes
Turn   | Place    | Note
-------+----------+-------------------------------------------
     0 | D:5      | qw the Gargoyle Delver began the quest for the Orb.
     0 | D:5      | Reached XP level 1. HP: 14/14 MP: 1/1
     0 | D:5      | 0 ||| qw: Version: 0.1-a-116-g5d60599
     0 | D:5      | 0 ||| qw: Game counter: 8594
     0 | D:5      | 0 ||| qw: Always use a shield: true
     0 | D:5      | 0 ||| qw: God list: Okawaru
     0 | D:5      | 0 ||| qw: Allow faded altars: false
     0 | D:5      | 0 ||| qw: Do Orc after D:15 true
     0 | D:5      | 0 ||| qw: Do second Lair branch before Depths: true
     0 | D:5      | 0 ||| qw: Lair rune preference: random
     0 | D:5      | 0 ||| qw: Plans: Normal
     0 | D:5      | 0 ||| PLANNING D:1-11
     0 | D:5      | 0 ||| DROPPING scroll of fog.
     1 | D:5      | 1 ||| DROPPING scroll of magic mapping.
     2 | D:5      | 2 ||| DROPPING scroll of fear.
    19 | D:4      | Reached skill level 2 in Axes
    19 | D:4      | Reached XP level 2. HP: 16/19 MP: 2/2
   330 | D:4      | 330 ||| Stepping ~*~*~tactically~*~*~ (stealth).
   337 | D:4      | Reached skill level 3 in Axes
   337 | D:4      | Reached XP level 3. HP: 15/23 MP: 3/3
   420 | D:4      | 420 ||| Stepping ~*~*~tactically~*~*~ (stealth).
   423 | D:4      | 423 ||| Stepping ~*~*~tactically~*~*~ (stealth).
   480 | D:4      | 480 ||| Stepping ~*~*~tactically~*~*~ (stealth).
   527 | D:4      | 527 ||| Stepping ~*~*~tactically~*~*~ (stealth).
   529 | D:4      | 529 ||| Stepping ~*~*~tactically~*~*~ (stealth).
   535 | D:4      | Reached XP level 4. HP: 25/28 MP: 4/4
   541 | D:4      | 541 ||| Stepping ~*~*~tactically~*~*~ (stealth).
   543 | D:4      | Reached skill level 1 in Throwing
   599 | D:4      | 599 ||| Stepping ~*~*~tactically~*~*~ (stealth).
   601 | D:4      | 601 ||| Stepping ~*~*~tactically~*~*~ (stealth).
   637 | D:4      | 637 ||| UPGRADING to +0 buckler.
   642 | D:4      | 642 ||| UPGRADING to amulet of reflection.
   647 | D:4      | 647 ||| READING 2 scrolls labelled JAON ADGHESS.
   651 | D:4      | 651 ||| READING scroll labelled CECYCZ ODOT.
   755 | D:3      | 755 ||| DROPPING +0 club.
   877 | D:2      | Reached skill level 1 in Shields
   914 | D:2      | Found a faded altar of an unknown god.
  1290 | D:1      | 1290 ||| Stepping ~*~*~tactically~*~*~ (stealth).
  1338 | D:1      | 1338 ||| Stepping ~*~*~tactically~*~*~ (stealth).
  1340 | D:1      | 1340 ||| Stepping ~*~*~tactically~*~*~ (stealth).
  1436 | D:1      | 1436 ||| Stepping ~*~*~tactically~*~*~ (stealth).
  2022 | D:1      | Reached skill level 4 in Axes
  2083 | D:1      | 2083 ||| UPGRADING to +0 ring mail.
  2093 | D:1      | 2093 ||| DROPPING +0 leather armour.
  2094 | D:1      | 2094 ||| UPGRADING to +0 scale mail.
  2104 | D:1      | 2104 ||| DROPPING +0 ring mail.
  2105 | D:1      | 2105 ||| DROPPING amulet of magic regeneration.
  2106 | D:1      | 2106 ||| UPGRADING to +6 ring of dexterity.
  2107 | D:1      | 2107 ||| READING scroll labelled JAEPPODEBB.
  2108 | D:1      | 2108 ||| READING scroll labelled ORAOLACKORAU.
  2109 | D:1      | 2109 ||| DRINKING 2 fizzy sapphire potions.
  2110 | D:1      | 2110 ||| READING 3 scrolls of identify.
  2110 | D:1      | 2110 ||| IDENTIFYING yellow potion
  2111 | D:1      | 2111 ||| READING 2 scrolls of identify.
  2111 | D:1      | 2111 ||| IDENTIFYING lumpy inky potion
  2112 | D:1      | 2112 ||| DROPPING potion of brilliance.
  2385 | D:2      | Reached skill level 1 in Armour
  2385 | D:2      | Reached XP level 5. HP: 29/32 MP: 5/5
  2450 | D:2      | 2450 ||| Stepping ~*~*~tactically~*~*~ (stealth).
  2454 | D:2      | 2454 ||| Stepping ~*~*~tactically~*~*~ (stealth).
  2455 | D:2      | 2455 ||| Stepping ~*~*~tactically~*~*~ (stealth).
  2471 | D:2      | 2471 ||| Stepping ~*~*~tactically~*~*~ (stealth).
  2474 | D:2      | 2474 ||| Stepping ~*~*~tactically~*~*~ (stealth).
  2476 | D:2      | 2476 ||| Stepping ~*~*~tactically~*~*~ (stealth).
  2480 | D:2      | 2480 ||| Stepping ~*~*~tactically~*~*~ (stealth).
  3080 | D:2      | 3080 ||| READING scroll labelled SUIF IBULI.
  3302 | D:3      | 3302 ||| DROPPING scarf of invisibility.
  3303 | D:3      | 3303 ||| READING 6 scrolls of teleportation.
  3315 | D:3      | 3315 ||| Stepping ~*~*~tactically~*~*~ (stealth).
  3317 | D:3      | 3317 ||| Stepping ~*~*~tactically~*~*~ (hiding).
  3330 | D:3      | 3330 ||| Stepping ~*~*~tactically~*~*~ (stealth).
  3441 | D:3      | 3441 ||| SWAPPING to +0 war axe.
  3444 | D:3      | 3444 ||| DROPPING +0 vorpal hand axe.
  3621 | D:3      | 3621 ||| DROPPING +0 flail.
  3732 | D:3      | 3732 ||| FLEEEEING.
  3733 | D:3      | 3733 ||| FLEEEEING.
  3734 | D:3      | 3734 ||| FLEEEEING.
  3735 | D:3      | 3735 ||| FLEEEEING.
  3796 | D:3      | Reached XP level 6. HP: 37/37 MP: 6/6
  4000 | D:3      | Identified the ring of Dimpuco {rN+ Str+6 Dex+5}
  4140 | D:3      | 4140 ||| UPGRADING to +0 chain mail.
  4150 | D:3      | 4150 ||| DROPPING +0 scale mail.
  4151 | D:3      | 4151 ||| UPGRADING to ring of Dimpuco {rN+ Str+6 Dex+5}.
  4152 | D:3      | 4152 ||| READING 4 scrolls of identify.
  4152 | D:3      | 4152 ||| IDENTIFYING murky brown potion
  4153 | D:3      | 4153 ||| READING 3 scrolls of identify.
  4153 | D:3      | 4153 ||| IDENTIFYING lumpy coppery potion
  4154 | D:3      | 4154 ||| READING 2 scrolls of identify.
  4154 | D:3      | 4154 ||| IDENTIFYING fuming sapphire potion
  4155 | D:3      | 4155 ||| DROPPING potion of invisibility.
  4156 | D:3      | 4156 ||| DROPPING potion of attraction.
  4472 | D:4      | 4472 ||| DRINKING 2 fizzy inky potions.
  4495 | D:4      | 4495 ||| DROPPING potion of lignification.
  4521 | D:5      | Noticed a wraith
  4535 | D:5      | Killed a wraith
  4536 | D:5      | Reached skill level 3 in Armour
  4557 | D:5      | 4557 ||| FLEEEEING.
  4565 | D:5      | 4565 ||| STAIRDANCE
  4686 | D:5      | Reached XP level 7. HP: 41/41 MP: 7/7
  4713 | D:5      | Reached skill level 5 in Axes
  4935 | D:5      | 4935 ||| Stepping ~*~*~tactically~*~*~ (hiding).
  4936 | D:5      | 4936 ||| Stepping ~*~*~tactically~*~*~ (hiding).
  4938 | D:5      | 4938 ||| Stepping ~*~*~tactically~*~*~ (hiding).
  4960 | D:5      | Found Enolab's Overcharged Wands.
  4969 | D:5      | 4969 ||| SHOPLISTING wand of digging (11) (693 gold, have
                  | 269).
  5058 | D:5      | 5058 ||| Stepping ~*~*~tactically~*~*~ (hiding).
  5059 | D:5      | 5059 ||| Stepping ~*~*~tactically~*~*~ (hiding).
  5061 | D:5      | 5061 ||| DRINKING potion of curing.
  5061 | D:5      | 5061 ||| (to cure confusion)
  5204 | D:5      | 5204 ||| Stepping ~*~*~tactically~*~*~ (stealth).
  5205 | D:5      | 5205 ||| Stepping ~*~*~tactically~*~*~ (stealth).
  5206 | D:5      | 5206 ||| Stepping ~*~*~tactically~*~*~ (stealth).
  5207 | D:5      | 5207 ||| Stepping ~*~*~tactically~*~*~ (stealth).
  5208 | D:5      | 5208 ||| Stepping ~*~*~tactically~*~*~ (stealth).
  5212 | D:5      | 5212 ||| Stepping ~*~*~tactically~*~*~ (hiding).
  5214 | D:5      | 5214 ||| Stepping ~*~*~tactically~*~*~ (hiding).
  5215 | D:5      | 5215 ||| Stepping ~*~*~tactically~*~*~ (hiding).
  5284 | D:5      | Reached skill level 6 in Axes
  5288 | D:5      | 5288 ||| Stepping ~*~*~tactically~*~*~ (stealth).
  5294 | D:5      | Reached skill level 3 in Shields
  5302 | D:5      | Reached XP level 8. HP: 40/48 MP: 8/8
  5361 | D:5      | Found a sparkling altar of Nemelex Xobeh.
  5374 | D:5      | Found a staircase to the Ecumenical Temple.
  5375 | D:5      | 5375 ||| PLANNING TEMPLE
  5375 | D:5      | 5375 ||| READING scroll labelled WEGYJA BUMNI.
  5376 | D:5      | 5376 ||| READING 4 scrolls of identify.
  5376 | D:5      | 5376 ||| IDENTIFYING pink potion
  5377 | D:5      | 5377 ||| READING 3 scrolls of identify.
  5377 | D:5      | 5377 ||| IDENTIFYING fuming purple potion
  5378 | D:5      | 5378 ||| READING 2 scrolls of identify.
  5378 | D:5      | 5378 ||| IDENTIFYING bubbling blue potion
  5379 | D:5      | 5379 ||| DROPPING potion of ambrosia.
  5380 | D:5      | 5380 ||| DROPPING potion of flight.
  5388 | Temple   | Entered the Ecumenical Temple
  5649 | Temple   | 5649 ||| PLANNING D:1-11
  5664 | Temple   | Became a worshipper of Warmaster Okawaru
  5759 | D:6      | 5759 ||| PLANNING OSSUARY
  5764 | D:6      | 5764 ||| Stepping ~*~*~tactically~*~*~ (stealth).
  5935 | D:6      | Identified the +0 ring mail of the Dolphin {Drain Str+8
                  | Slay-3 SInv}
  5985 | D:6      | Reached skill level 7 in Axes
  5987 | D:6      | HP: 5/48 [wight/+3 flail of freezing (9)]
  5988 | D:6      | 5988 ||| READING 5 scrolls of teleportation.
  5988 | D:6      | Slain by a wight

Levels and vault maps discovered:
D:1:      denvon_arrival_planthouse, layout_basic
D:2:      layout_basic, shapermc_ecumenical_altar_mp_highgroup,
          kennysheep_generic_room_14
D:3:      cheibrodos_pilgrimage, layout_basic
D:4:      minmay_recursive_quarters, layout_rooms
D:5:      layout_basic, mainiacjoe_overflow_small_starburst, temple_green,
          nicolae_shop_overcharged_wands
D:6:      layout_loops_ring, nicolae_ossuary_entry_ruins,
          nicolae_figureground_pulse
Temple:   regret_index_temple_sigil_plot

Skill      XL: |  1  2  3  4  5  6  7  8 |
---------------+-------------------------+-----
Axes           | 2 3 4 6 7 |  7.0
Throwing       | 1 |  1.2
Shields        | 1 2 3 |  3.0
Armour         | 1 3 |  3.8
Fighting       | 4 |  4.1
Dodging        | 2 |  2.4
Stealth        | |  5.4

Action                   |  1- 3 |  4- 6 |  7- 9 || total
-------------------------+-------+-------+-------++-------
Melee: Hand axe          |    35 |   141 |       ||   176
       War axe           |       |    51 |    89 ||   140
Throw: Javelin           |     5 |    58 |    15 ||    78
       Boomerang         |       |       |     1 ||     1
  Use: Scroll            |       |    11 |     5 ||    16
       Potion            |       |     2 |     1 ||     3
Armor: Leather armour    |     9 |    24 |       ||    33
       Scale mail        |       |    28 |       ||    28
       Chain mail        |       |     7 |    51 ||    58
Dodge: Dodged            |    23 |    73 |    40 ||   136
Block: Buckler           |       |    78 |    63 ||   141
       Reflection        |       |     4 |     2 ||     6

Table legend:
 A = Non-vault XP
 B = Vault XP
 C = Vault XP percentage of total XP
 D = Non-vault monster count
 E = Vault monster count
 F = Vault count percentage of total count
                 A         B        C        D         E       F
            +---------+---------+-------+---------+---------+-------
      Total |    1430 |     160 |  10.1 |     106 |      17 |  13.8
            +---------+---------+-------+---------+---------+-------
        D:1 |      34 |       0 |   0.0 |      22 |       0 |   0.0
        D:2 |      53 |       3 |   5.4 |      23 |       2 |   8.0
        D:3 |      40 |      91 |  69.5 |      20 |       7 |  25.9
        D:4 |      61 |      66 |  52.0 |      13 |       8 |  38.1
        D:5 |     931 |       0 |   0.0 |      19 |       0 |   0.0
        D:6 |     311 |       0 |   0.0 |       9 |       0 |   0.0
            +---------+---------+-------+---------+---------+-------
